 Dungeon Crawl Stone Soup version 0.31.0-12-g77e489cdc1 (webtiles) character file.

Game seed: 13047535867006148640

10555 Doomgape the Grappler (level 11, -1/115 HPs)
             Began as a Troll Fighter on Feb 19, 2024.
             Was a High Priest of Okawaru.
             Slain by a skyshark (5 damage)
             ... on level 1 of the Lair of Beasts.
             The game lasted 00:26:40 (7316 turns).

Doomgape the Grappler (Troll Fighter)               Turns: 7316, Time: 00:26:41

Health: -1/115     AC:  8    Str: 30    XL:     11   Next: 37%
Magic:  8/10       EV: 13    Int:  4    God:    Okawaru [*****.]
Gold:   264        SH: 10    Dex:  9    Spells: 10/10 levels left

rFire   + .          .
                       - Unarmed
rCold   . . .        b - +1 kite shield
rNeg    . . .        v - +0 steam dragon scales
rPois   .            (helmet restricted)
rElec   .            (no cloak)
rCorr   .            (gloves unavailable)
SInv    .            (boots unavailable)
Will    +....        (no amulet)
Stlth   +++          m - ring of willpower
HPRegen 1.19/turn    a - ring of protection from fire
MPRegen 0.12/turn

%: no passive effects
@: heroic
A: large, unfitting armour, claws 3, regeneration 1, shaggy fur 1, tough skin 1
a: Renounce Religion, Heroism, Finesse, Duel


You were on level 1 of the Lair of Beasts.
You worshipped Okawaru.
Okawaru was extremely pleased with you.
You visited 3 branches of the dungeon, and saw 11 of its levels.
You also visited: Ossuary and Bailey.

You collected 562 gold pieces.
You spent 298 gold pieces at shops.

Inventory:

Armour
 b - a +1 kite shield (worn)
 j - a +2 robe of positive energy
 v - +0 steam dragon scales (worn)
Jewellery
 a - a ring of protection from fire (right claw)
 m - a ring of willpower (left claw)
 y - a ring of protection from cold
Wands
 h - a wand of flame (11)
 q - a wand of paralysis (2)
 x - a wand of polymorph (13)
 z - a wand of mindburst (13)
Scrolls
 f - 4 scrolls of identify
 l - 3 scrolls of fear
 p - 3 scrolls of teleportation
 s - 2 scrolls of enchant armour
 u - 2 scrolls of amnesia
 A - 2 scrolls of blinking
 E - a scroll of brand weapon
Potions
 c - 2 potions of might
 d - a potion of haste
 e - 3 potions of brilliance
 g - 2 potions of cancellation
 i - 5 potions of magic
 k - a potion of lignification
 n - 3 potions of mutation
 o - a potion of heal wounds
 r - a potion of experience {unknown}
 t - a potion of curing
 w - a potion of enlightenment {unknown}
 B - a potion of resistance {unknown}
 D - a potion of invisibility {unknown}


   Skills:
 + Level 9.3(14.3) Fighting
 + Level 9.2(14.2) Dodging
 - Level 2.6(7.6) Shields
 + Level 10.6(15.6) Unarmed Combat


You had 10 spell levels left.
You didn't know any spells.
Your spell library contained the following spells:

 Spells                   Type           Power      Damage    Failure   Level
 Sting                    Conj/Alch      0%         1d3       67%         1
 Mercury Vapours          Alch/Air       0%         N/A       82%         2
 Dazzling Flash           Conj/Hex       0%         N/A       96%         3
 Hailstorm                Conj/Ice       0%         3d5       96%         3
 Mephitic Cloud           Conj/Alch/Air  0%         N/A       96%         3
 Olgreb's Toxic Radiance  Alch           0%         N/A       100%        4
 Curse of Agony           Necr           0%         N/A       100%        5
 Silence                  Hex/Air        0%         N/A       100%        5
 Summon Ice Beast         Ice/Summ       Unusable   N/A       N/A         3
 Sculpt Simulacrum        Ice/Alch       Unusable   N/A       N/A         6

Dungeon Overview and Level Annotations

Branches:
Dungeon (9/15)             Temple (1/1) D:4            Lair (1/5) D:9
Ossuary (visited)          Bailey (visited)
    Orc: D:9-12

Altars:
Ashenzari
Cheibriados
Dithmenos
Elyvilon
Gozag
Hepliaklqana
Kikubaaqudgha
Makhleb
Nemelex Xobeh
Okawaru
Qazlal
Ru
Sif Muna
Trog
Uskayaw
Vehumet
Wu Jian
Xom
Yredelemnul
Zin
The Shining One

Shops:
D:4 !   D:5 (   D:7 !

Annotations:
Lair:1 Grum


Innate Abilities, Weirdness & Mutations

You are too large for most types of armour.
You have claws for hands.
Your natural rate of healing is unusually fast.
You are covered in fur. (AC +1)
You have tough skin. (AC +1)


Message History

You block the skyshark's attack.
The skyshark tail-slaps you but does no damage.
You scratch the skyshark but do no damage.
The skyshark is moderately wounded.
The skyshark bites you! The skyshark tail-slaps you.
The skyshark tail-slaps you!
You feel much better. You block the skyshark's attack.
The skyshark tail-slaps you! The skyshark tail-slaps you.
You block the skyshark's attack.
The skyshark tail-slaps you but does no damage.
You block the skyshark's attack.
You gain the combat prowess of a mighty hero.
The skyshark closely misses you. The skyshark completely misses you.
The skyshark tail-slaps you but does no damage.
Unknown command.
You barely miss the skyshark.
The skyshark is moderately wounded.
You block the skyshark's attack. The skyshark tail-slaps you.
The skyshark tail-slaps you!
You claw the skyshark!
The skyshark is heavily wounded.
The skyshark bites you but does no damage.
The skyshark tail-slaps you. The skyshark barely misses you.
You block the skyshark's attack. The skyshark tail-slaps you!
* * * LOW HITPOINT WARNING * * *
The skyshark tail-slaps you but does no damage.
You closely miss the skyshark.
The skyshark is heavily wounded.
The skyshark bites you!
* * * LOW HITPOINT WARNING * * *
The skyshark tail-slaps you.
* * * LOW HITPOINT WARNING * * *
The skyshark barely misses you.
Aiming: Paralyse
Press: ? - help, Shift-Dir - straight line, f/p - skyshark
Aim: a skyshark (heavily wounded, berserk, chance to affect: 31%)
The skyshark easily resists.
The skyshark bites you!
* * * LOW HITPOINT WARNING * * *
The skyshark tail-slaps you.
You die...

..#.#.# ##.
#.....#### ...#
#...#..#.# . ...#
##...#....#..
#..##..#....##...
#.......P.......#
#.#..........#....#
........÷<†......##
.........÷.@.......
..##.......†F.....⌠
#.............!..
............#.....#
............[#...##
.##...........#...#
##...........#...
.......#....##..


You could see a skyshark (berserk).

Vanquished Creatures
  2 vault guards (Bailey)
  2 cane toads (Lair:1)
  A komodo dragon (D:9)
  Grinder (D:3)
  Prince Ribbit (Bailey)
  A hornet (D:8)
  4 blink frogs
  Sigmund (D:3)
  A shadow (D:9)
  A basilisk (D:9)
  6 humans (Bailey)
  A steam dragon (D:7)
  Menkaure (D:4)
  6 water moccasins
  2 orc warriors
  A sky beast (D:5)
  An ice beast (D:5)
  An ogre (D:4)
  2 wolves
  7 centaurs
  A phantom (D:6)
  A kobold brigand (D:9)
  A weeping skull (Ossuary)
  2 elf zombies (Ossuary)
  19 bullfrogs
  6 scorpions
  10 wights (D:8)
  4 killer bees (D:9)
  2 howler monkeys
  3 centaur zombies (Ossuary)
  2 hounds (D:5)
  2 jellies
  3 bombardier beetles
  A gnoll bouda (D:7)
  4 orc priests
  A sleepcap (D:4)
  Jessica (D:2)
  2 iguanas
  Ijyb (D:5)
  Terence (D:2)
  6 orc wizards
  A crocodile zombie (Ossuary)
  A bullfrog simulacrum (Ossuary)
  3 mummies (Ossuary)
  Robin (D:5)
  9 gnolls
  9 adders
  A shadow imp (D:7)
  A white imp (D:6)
  4 adder zombies (Ossuary)
  4 ribbon worms
  3 dart slugs
  28 orcs
  7 endoplasms
  8 giant cockroaches
  A gnoll zombie (Ossuary)
  17 goblins
  13 hobgoblins
  2 jackals (D:1)
  10 kobolds
  3 quokkas
  6 ball python zombies (Ossuary)
  5 bats
  2 frilled lizards
  3 jackal zombies (Ossuary)
  5 kobold zombies (Ossuary)
  4 orc zombies (Ossuary)
  3 rats
270 creatures vanquished.

Notes
Turn   | Place    | Note
-------+----------+-------------------------------------------
     0 | D:1      | Doomgape the Troll Fighter began the quest for the Orb.
     0 | D:1      | Reached XP level 1. HP: 22/22 MP: 0/0
    96 | D:1      | Reached XP level 2. HP: 27/29 MP: 1/1
   837 | D:2      | Reached XP level 3. HP: 36/36 MP: 2/2
   841 | D:2      | Noticed Jessica
   849 | D:2      | Killed Jessica
   892 | D:2      | Found an iron altar of Okawaru.
   914 | D:2      | Reached XP level 4. HP: 32/45 MP: 3/3
   955 | D:2      | Became a worshipper of Warmaster Okawaru
   965 | D:2      | Noticed Terence
   970 | D:2      | Killed Terence
   971 | D:2      | Reached skill level 3 in Unarmed Combat
  1316 | D:3      | Reached XP level 5. HP: 53/53 MP: 4/4
  1388 | D:3      | Found a shimmering blue altar of Sif Muna.
  1603 | D:3      | Noticed Grinder
  1607 | D:3      | Paralysed by Grinder for 3 turns
  1637 | D:3      | Killed Grinder
  1638 | D:3      | Reached skill level 4 in Unarmed Combat
  1638 | D:3      | Reached XP level 6. HP: 47/62 MP: 5/5
  1694 | D:3      | Noticed Sigmund
  1711 | D:3      | Killed Sigmund
  1711 | D:3      | Reached * piety under Okawaru
  1712 | D:3      | Reached XP level 7. HP: 39/71 MP: 6/6
  1878 | D:4      | Found a hide-covered altar of Uskayaw.
  1952 | D:4      | Found Epniumo's Distillery.
  2000 | D:4      | Bought a potion of heal wounds for 65 gold pieces
  2000 | D:4      | Bought a potion of heal wounds for 65 gold pieces
  2018 | D:4      | Found a sand-covered staircase.
  2025 | Ossuary  | Entered an ossuary
  2066 | Ossuary  | Reached skill level 5 in Unarmed Combat
  2239 | Ossuary  | Reached skill level 5 in Fighting
  2276 | Ossuary  | Reached skill level 5 in Dodging
  2283 | Ossuary  | Reached ** piety under Okawaru
  2400 | D:4      | Reached XP level 8. HP: 80/80 MP: 7/7
  2455 | D:4      | Found a sparkling altar of Nemelex Xobeh.
  2525 | D:4      | Found a staircase to the Ecumenical Temple.
  2537 | Temple   | Entered the Ecumenical Temple
  2574 | D:4      | Found a hazy altar of Hepliaklqana.
  2580 | D:4      | Noticed Menkaure
  2586 | D:4      | Killed Menkaure
  2587 | D:4      | Reached skill level 6 in Unarmed Combat
  2849 | D:5      | Entered Level 5 of the Dungeon
  2955 | D:5      | Found Ehicauff's Antique Weapon Boutique.
  3204 | D:5      | Noticed Ijyb
  3207 | D:5      | Noticed Robin
  3219 | D:5      | Killed Robin
  3238 | D:5      | Killed Ijyb
  3307 | D:5      | Reached *** piety under Okawaru
  3308 | D:5      | Reached skill level 7 in Unarmed Combat
  3308 | D:5      | Reached XP level 9. HP: 35/89 MP: 8/8
  4474 | D:7      | Reached **** piety under Okawaru
  4511 | D:7      | Found an opulent altar of Gozag.
  4511 | D:7      | Found a basalt altar of Yredelemnul.
  4517 | D:7      | Reached skill level 8 in Unarmed Combat
  4643 | D:7      | Found a transporter.
  4643 | D:7      | Found Zoeginku's Distillery.
  4686 | D:7      | Found a transporter.
  4726 | D:7      | Bought a potion of heal wounds for 70 gold pieces
  4726 | D:7      | Bought a potion of curing for 42 gold pieces
  4726 | D:7      | Bought a potion of might for 56 gold pieces
  4877 | D:7      | Found a snail-covered altar of Cheibriados.
  5096 | D:8      | Found a flagged portal.
  5138 | Bailey   | Entered a bailey
  5182 | Bailey   | Reached XP level 10. HP: 102/102 MP: 9/9
  5254 | Bailey   | Reached skill level 9 in Unarmed Combat
  5279 | Bailey   | Noticed a vault guard
  5279 | Bailey   | Noticed Prince Ribbit
  5295 | Bailey   | Killed a vault guard
  5295 | Bailey   | Reached ***** piety under Okawaru
  5306 | Bailey   | Killed Prince Ribbit
  5396 | Bailey   | Noticed a vault guard
  5422 | Bailey   | Killed a vault guard
  5876 | D:8      | Reached skill level 10 in Unarmed Combat
  6148 | D:9      | Found a bloodstained altar of Trog.
  6214 | D:9      | Reached XP level 11. HP: 105/113 MP: 10/10
  6215 | D:9      | Found a shadowy altar of Dithmenos.
  6346 | D:9      | Found a shimmering altar of Xom.
  6346 | D:9      | Found a shimmering altar of Xom.
  6621 | D:9      | Found a shimmering altar of Xom.
  6622 | D:9      | Found a shimmering altar of Xom.
  6622 | D:9      | Found a shimmering altar of Xom.
  6622 | D:9      | Found a shimmering altar of Xom.
  6761 | D:9      | Found a staircase to the Lair.
  7018 | Lair:1   | Entered Level 1 of the Lair of Beasts
  7022 | Lair:1   | Received a gift from Okawaru
  7073 | Lair:1   | HP: 2/115 [blink frog (5)]
  7266 | Lair:1   | Noticed Grum
  7301 | Lair:1   | Noticed a skyshark
  7316 | Lair:1   | HP: 4/115 [skyshark (14)]
  7316 | Lair:1   | Slain by a skyshark

Illustrated notes

Levels and vault maps discovered:
D:1:      minmay_arrival_semitransparent, layout_basic
D:2:      layout_rooms, basic_altar, uniq_jessica, uniq_terence
D:3:      layout_basic, nicolae_overflow_hidden_temple, nicolae_half_adder,
          uniq_grinder, uniq_sigmund
D:4:      layout_rooms, mainiacjoe_overflow_tiny_flanked,
          nemelex_spade_bored_becter, amcnicky_altar_gilded,
          minmay_temple_entry_mist, chequers_ossuary_entry_cave, serial_shops,
          nicolae_stop_n_shop_2, uniq_menkaure
D:5:      layout_cave_pools, serial_shops, shop, nicolae_goblin_pals
D:6:      layout_basic, serial_library_hellmonk_angled_corner
D:7:      layout_basic, slow_altar_1, jmf_multi_god_temple, serial_shops,
          nicolae_shop_drivethru
D:8:      layout_loops_ring, enter_bailey_5
D:9:      layout_roguey, grunt_dithmenos_smoke_and_mirrors, bloody_trog,
          xom_shifter_show, david_lair_shrubbed
Temple:   hellmonk_temple_of_storms
Lair:1:   layout_cave_shapes, grunt_megastairs_5, uniq_grum

Skill      XL: |  1  2  3  4  5  6  7  8  9 10 11 |
---------------+----------------------------------+-----
Fighting       | 3 4 5 6 7 8 9 |  9.3
Dodging        | 3 4 5 6 7 8 9 |  9.2
Unarmed Combat | 3 4 5 7 8 10 | 10.6
Shields        | |  2.6

Action                     |  1- 3 |  4- 6 |  7- 9 | 10-12 || total
---------------------------+-------+-------+-------+-------++-------
  Melee: Unarmed           |    86 |    95 |   431 |   310 ||   922
 Invoke: Heroism           |       |       |       |     2 ||     2
  Evoke: Wand              |       |     4 |       |    10 ||    14
    Use: Scroll            |     2 |     8 |     4 |     4 ||    18
         Potion            |       |       |     2 |     6 ||     8
 Armour: Robe              |    49 |    41 |   240 |       ||   330
         Steam dragon scal |       |       |    45 |   222 ||   267
  Dodge: Dodged            |    29 |    25 |   163 |   142 ||   359
  Block: Kite shield       |    42 |    39 |   166 |   137 ||   384
